AoeStats
← CloseDoorYan

Coastal Forest

503099953Analyzed
4v4 RM · 1mo ago on Aug 30, 2026· 7m 34s· 8 players
Game mode
Random Map
Map size
Large (8 player)
Population
200
Speed
Normal
Resources
Standard
Victory
Conquest
Starting age
Dark Age
Ending age
Imperial Age
RankedLock teamsTeams togetherTeam positionsShared explorationLock speedFull tech treeHidden civsTurbo modeCheats
Victory
Defeat
🇭🇰 Japanese · Hong Kong SAR China
1537
+11
🇭🇰 Muisca · Hong Kong SAR China
1534
+11
🇭🇰 Maya · Hong Kong SAR China
1485
+13
🇭🇰 Jurchens · Hong Kong SAR China
1455
+15
🇫🇷 Poles · France
1502
-16
🇨🇳 Celts · China
1444
-13
🇻🇳 Teutons · Vietnam
1392
-11
🇻🇳 Malians · Vietnam
1383
-11
2035007090
lequochuypy96
Spartacus
6:53 Loom
9:25 Feudal Age
retaux
4:39 Loom
phlui1122
6:22 Loom
8:45 Feudal Age
happy伯
6:13 Loom
9:06 Feudal Age
CloseDoorYan
0:29 Loom
[Marty]TheEY
6:21 Loom
8:42 Feudal Age
Connection lost

Rejoining the realm…

Still unreachable

The connection could not be restored.

Session expired

The server has moved on; the page needs a fresh start.